 Dungeon Crawl Stone Soup version 0.30-a0-533-g4794bfbd1c (webtiles) character file.

Game seed: 16978599876566790001

61 Angani the Ruffian (level 3, 0/29 HPs)
             Began as a Draconian Reaver on Dec 24, 2022.
             Was a Follower of Wu Jian.
             Slain by Grinder (4 damage)
             ... on level 3 of the Dungeon.
             The game lasted 00:05:23 (1701 turns).

Angani the Ruffian (Draconian Reaver)               Turns: 1701, Time: 00:05:24

Health: 0/29       AC:  5    Str: 12 (14) XL:     3   Next: 83%
Magic:  0/6        EV: 11    Int: 12 (15) God:    Wu Jian [*.....]
Gold:   139        SH:  0    Dex:  8 (9)  Spells: 2/6 levels left

rFire   + . .      SeeInvis .      - Unarmed
rCold   . . .      Faith    .    (no shield)
rNeg    . . .      Spirit   .    (body armour unavailable)
rPois   .          Reflect  .    (helmet restricted)
rElec   .          Harm     .    (no cloak)
rCorr   .          Rampage  .    (no gloves)
Will    .....                    (no boots)
Stlth   +                        (no amulet)
HPRegen 0.24/turn                d - ring of protection from fire
MPRegen 0.10/turn                (no ring)

@: brilliant, flying, very slightly contaminated
A: AC +5, unfitting armour, cold-blooded
a: Renounce Religion


You were on level 3 of the Dungeon.
You worshipped Wu Jian.
Wu Jian was aware of your devotion.
You visited 1 branch of the dungeon, and saw 4 of its levels.

You collected 139 gold pieces.

Inventory:

Jewellery
 d - a ring of protection from fire (left hand)
Scrolls
 a - a scroll of poison
 b - a scroll of fear
 f - a scroll of immolation
 j - a scroll of enchant armour
 k - a scroll of butterflies
Potions
 c - a potion of flight
 g - a potion of brilliance
 i - 3 potions of degeneration


   Skills:
 - Level 2.1 Fighting
 - Level 1.7 Dodging
 + Level 4.5 Unarmed Combat
 + Level 2.2 Spellcasting
 - Level 3.0 Conjurations
 + Level 0.9 Summonings


You had 2 spell levels left.
You knew the following spells:

 Your Spells              Type           Power      Damage    Failure   Level
a - Kiss of Death         Conj/Necr      28%        2d7       14%         1
b - Call Canine Familiar  Summ           5%         N/A       50%         3

Your spell library contained the following spells:

 Spells                   Type           Power      Damage    Failure   Level
 Summon Small Mammal      Summ           20%        N/A       19%         1
 Momentum Strike          Conj/Tloc      14%        3d8       22%         2
 Hailstorm                Conj/Ice       7%         3d4       41%         3
 Summon Guardian Golem    Hex/Summ       3%         N/A       54%         3


Dungeon Overview and Level Annotations

Branches:
Dungeon (4/15)
 Temple: D:4-7

Altars:
Wu Jian

Annotations:
D:3 Grinder


Innate Abilities, Weirdness & Mutations

Your plain brown scales are hard. (AC +5)
You cannot fit into any form of body armour.
You are cold-blooded and may be slowed by cold attacks.


Message History

Your tail-slap misses the bat.
The bat is moderately wounded.
The bat hits you but does no damage.
There is a stone staircase leading down here.
The bat barely misses you. Grinder hits you.
You writhe in agony.
You fly downwards.
The adder hisses angrily.
The hobgoblin shouts!
There is a stone staircase leading up here.
Unknown command.
The bat misses you. Grinder completely misses you.
You fly upwards.
You hear the sound of rushing water.
There is an entrance to a sewer on this level.
Hurry and find it before the portal rusts away!
The nameless horror hits you.
You feel your power leaking away.
There is a stone staircase leading down here.
Unknown command.
You spin and attack the bat.
You hit the bat.
The bat is severely wounded.
You spin and attack Grinder.
You closely miss Grinder.
You spin and attack the nameless horror.
You hit the nameless horror but do no damage.
The bat barely misses you.
The nameless horror hits you but does no damage.
Grinder hits you.
You writhe in agony.
You spin and attack Grinder repeatedly.
You closely miss Grinder. You hit Grinder.
Grinder is lightly wounded.
Grinder hits you but does no damage.
You spin and attack the nameless horror.
You hit the nameless horror.
The nameless horror is lightly damaged.
The nameless horror barely misses you.
The nameless horror attacks as you move away!
The nameless horror hits you.
* * * LOW HITPOINT WARNING * * *
Grinder attacks as you move away! Grinder hits you.
* * * LOW HITPOINT WARNING * * *
You writhe in agony.
You die...

## #.## #.# ..
#..# #<# #
.###..###.###.#
...........#.#
#.#..# #.....#
#.#..###...#.#
###............##
#..5Xb>.........#
#.#@##.####.##.##
#......# #.#
......#### #.#
####.#.# #.#
#.#.# #.. #.#.#
### # #.# ...


You could see a nameless horror, Grinder and a bat.

Vanquished Creatures
  2 dart slugs
  4 ball pythons
  4 endoplasms
  2 giant cockroaches
  7 goblins
  2 hobgoblins
  8 jackals
  3 kobolds
  5 quokkas
  5 bats
  A frilled lizard (D:1)
  7 rats
50 creatures vanquished.

Vanquished Creatures (others)
  4 fungi (D:2)
  5 plants (D:2)
9 creatures vanquished.

Grand Total: 59 creatures vanquished

Notes
Turn   | Place    | Note
-------+----------+-------------------------------------------
     0 | D:1      | Angani the Draconian Reaver began the quest for the Orb.
     0 | D:1      | Reached XP level 1. HP: 17/17 MP: 3/3
   103 | D:1      | Reached XP level 2. HP: 24/24 MP: 5/5
   297 | D:1      | Reached skill level 4 in Unarmed Combat
   613 | D:1      | Reached XP level 3. HP: 29/29 MP: 6/6
   647 | D:1      | Learned a level 3 spell: Call Canine Familiar
  1371 | D:2      | Found a faded altar of an unknown god.
  1380 | D:2      | Prayed at the altar of an unknown god.
  1380 | D:2      | Became a worshipper of the Wu Jian Council
  1380 | D:2      | Reached * piety under Wu Jian
  1674 | D:3      | Noticed Grinder
  1679 | D:3      | Paralysed by Grinder for 4 turns
  1686 | D:3      | Noticed a nameless horror
  1701 | D:3      | Slain by Grinder

Illustrated notes

Levels and vault maps discovered:
D:1:      amcnicky_arrival_abandoned_market, layout_loops_cross,
          minmay_misc_feat_cross, minmay_heptomino_l4
D:2:      layout_loops_ring, dreamdust_ecumenical_altar_grove,
          minmay_tiny_reverse_x
D:3:      layout_loops_ring, grunt_dithmenos_smoke_and_mirrors,
          gup_sewer_entry_spiral, uniq_robin, uniq_grinder, uniq_sigmund
D:4:      layout_loops_corners, lemuel_tele_altar, dk_vineyard_3, uniq_natasha

Skill      XL: |  1  2 |
---------------+-------+-----
Unarmed Combat | 4 |  4.5
Fighting       | |  2.1
Dodging        | |  1.7
Spellcasting   | |  2.2
Conjurations   | |  3.0
Summonings     | |  0.9

Action                   || total
-------------------------++-------
Melee: Unarmed           ||   167
       Punch             ||     1
       Tailslap          ||    11
Invok: Whirlwind         ||     6
       Lunge             ||     2
  Use: Scroll            ||     6
       Potion            ||     4
 Stab: Sleeping          ||     3
Armor: Skin              ||    59
Dodge: Dodged            ||   114

Table legend: (Time is in decaauts)
 A = Elapsed time spent in this place.
 B = Non-inter-level travel time spent in this place.
 C = Inter-level travel time spent in this place.
 D = Time resting spent in this place.
 E = Time spent auto-exploring this place.
 F = Levels seen in this place.
 G = Mean time per level.
                   A        B        C        D        E       F      G
               +--------+--------+--------+--------+--------+-----+--------+
         Total |   1688 |   1628 |     60 |      0 |   1299 |   4 |  422.0 |
       Dungeon |   1688 |   1628 |     60 |      0 |   1299 |   4 |  422.0 |
               +--------+--------+--------+--------+--------+-----+--------+

Top non-repeatable levels by time:
     D:1: 860 daAuts
     D:2: 792 daAuts
     D:3: 33 daAuts
     D:4: 1 daAuts
